Map: Abiogenesis LE

Players

PapaSchlumpf - Winner!

  • Race: Terran Terran
  • Spawn Location: 11:00

Gratwicke

  • Race: Zerg Zerg
  • League: Bronze
  • Spawn Location: 5:00

VOD

Have the link to the VOD?

Description

Time

  • Played on: April 30, 2018, 9:56 a.m.
  • Length: 14:00
Show
View Real Time Build Order
Export as new Build Order

PapaSchlumpf Terran - Winner!

Build Orders: Command Center First (CC) 

Get SALT Encoding   

  12  0:01  SCV  
  13  0:13  SCV  
  14  0:25  SCV  
  15  0:51  Command Center  
  15  1:26  Command Center  
  15  1:52  Command Center  
  15  2:05  Supply Depot, SCV  
  16  2:17  SCV  
  17  2:28  Barracks  
  17  2:29  SCV  
  18  2:35  Refinery  
  18  2:38  SCV  
  19  2:45  SCV  
  19  2:51  SCV  
  21  2:57  SCV  
  22  3:05  SCV  
  23  3:06  SCV  
  24  3:15  Barracks Tech Lab, Orbital Command  
  24  3:19  Orbital Command  
  24  3:24  Orbital Command  
  24  3:34  Ghost Academy  
  24  3:40  SCV  
  26  3:48  SCV  
  26  3:49  SCV  
  26  3:54  SCV  
  28  4:00  SCV  
  29  4:04  Barracks  
  29  4:07  SCV x2, Barracks  
  31  4:12  Refinery, SCV  
  31  4:15  Refinery  
  32  4:18  Ghost  
  32  4:19  SCV x2  
  36  4:24  SCV  
  36  4:26  Refinery  
  37  4:31  SCV x2  
  37  4:36  SCV  
  40  4:43  SCV  
  40  4:44  SCV  
  42  4:48  Ghost  
  42  4:49  SCV  
  45  4:53  Barracks Tech Lab  
  45  4:54  Barracks Tech Lab  
  45  5:01  SCV  
  45  5:02  SCV x2  
  45  5:05  Refinery  
  45  5:07  Refinery  
  48  5:09  Personal Cloaking  
  48  5:15  Barracks  
  48  5:17  SCV x3  
  48  5:20  Barracks  
  51  5:23  Supply Depot  
  51  5:27  Supply Depot  
  51  5:29  SCV x3  
  51  5:31  Supply Depot  
  54  5:41  SCV x3  
  57  5:42  Ghost  
  57  5:43  Ghost  
  57  5:44  Ghost  
  63  5:53  SCV x2  
  63  5:54  Factory  
  65  5:57  SCV  
  65  6:03  Barracks Tech Lab  
  66  6:05  SCV x2  
  66  6:09  Barracks Tech Lab  
  66  6:11  Ghost  
  68  6:12  Ghost  
  72  6:18  Ghost Academy  
  72  6:20  Ghost Academy  
  72  6:22  SCV x3  
  72  6:25  Ghost  
  77  6:26  Ghost  
  79  6:33  Ghost  
  79  6:37  SCV x3  
  84  6:41  Supply Depot  
  84  6:42  Supply Depot  
  84  6:45  Ghost  
  86  6:49  Supply Depot, Nuke, SCV x3  
  86  6:50  Supply Depot  
  89  6:55  Supply Depot  
  89  6:56  Nuke, Supply Depot  
  89  7:01  SCV x3  
  91  7:02  Nuke  
  91  7:08  Ghost  
  82  7:23  Refinery, Command Center  
  82  7:27  Refinery  
  82  7:33  Ghost x3  
  88  7:45  Command Center  
  88  7:46  Refinery  
  88  7:48  Refinery  
  80  8:05  SCV x2  
  77  8:14  Ghost x4  
  77  8:15  Ghost  
  77  8:17  SCV x2  
  88  8:43  Ghost  
  88  8:49  Ghost x2  
  86  8:57  Barracks  
  86  8:58  Barracks x2  
  80  9:03  Engineering Bay  
  80  9:05  Engineering Bay  
  80  9:08  SCV x2  
  80  9:20  SCV  
  80  9:24  Bunker  
  79  9:31  Ghost x3  
  79  9:32  Ghost  
  86  9:41  SCV  
  86  9:45  Orbital Command  
  87  9:51  Nuke x2  
  87  9:53  Nuke, SCV  
  87  9:57  Barracks Reactor  
  87  9:59  Barracks Reactor  
  88  10:03  Barracks Reactor  
  88  10:06  Marine x4  
  88  10:07  Marine  
  92  10:12  Terran Infantry Weapons Level 1  
  93  10:21  SCV  
  89  10:28  Marine x3  
  89  10:29  Marine x2  
  89  10:31  Terran Infantry Armor Level 1  
  89  10:33  SCV  
  74  11:02  Planetary Fortress  
  74  11:39  Barracks Reactor x3  
  74  11:42  Ghost x3  
  74  11:43  Ghost x2  
  84  11:51  Combat Shields  
  84  11:53  Stimpack  
  84  12:12  Ghost  
  84  12:13  Marine x2  
  84  12:14  Marine x2  
  84  12:15  Marine x3  
  90  12:16  Marine x3  
  90  12:21  Nuke  
  90  12:22  Nuke  
  96  12:40  Armory  
  96  13:18  Ghost x2  
  96  13:19  Ghost  
  102  13:20  Marine x8  
  110  13:30  Supply Depot  
  110  13:31  Supply Depot  
  110  13:33  Supply Depot x2  
  110  13:36  Supply Depot  
  110  13:38  Marine x8  
  121  13:53  Supply Depot  
  121  13:55  Supply Depot  
  126  13:57  Supply Depot  
  126  13:58  Supply Depot  
Show
View Real Time Build Order
Export as new Build Order

Gratwicke Zerg 

Build Orders: Pool First 

Get SALT Encoding   

  12  0:02  Drone  
  13  0:13  Overlord  
  13  0:28  Drone  
  14  0:31  Extractor  
  14  0:32  Drone  
  14  0:38  Drone  
  14  0:41  Drone  
  16  0:55  Spawning Pool, Drone  
  16  1:02  Drone  
  17  1:12  Drone  
  18  1:26  Drone  
  19  1:33  Hatchery  
  19  1:39  Drone  
  19  1:47  Queen  
  19  1:51  Zergling x2  
  22  2:07  Overlord  
  22  2:16  Baneling Nest  
  22  2:17  Zergling x2  
  22  2:26  Zergling x2  
  23  2:31  Drone  
  23  2:35  Queen  
  26  2:40  Drone  
  27  2:49  Drone x2, Roach Warren  
  28  2:58  Drone  
  29  3:04  Drone  
  30  3:09  Drone  
  30  3:12  Zergling x4  
  33  3:13  Zergling x2  
  33  3:18  Queen  
  36  3:22  Overlord  
  36  3:32  Overlord x2  
  36  3:49  Drone x3  
  36  3:53  Metabolic Boost  
  39  4:10  Drone x5  
  39  4:11  Drone x3  
  47  4:24  Roach  
  47  4:26  Zergling x4  
  47  4:29  Baneling  
  47  4:30  Baneling x2, Hatchery  
  47  4:31  Baneling  
  50  4:32  Drone  
  51  4:46  Roach x2  
  51  4:50  Lair  
  55  5:02  Drone x3  
  55  5:05  Extractor  
  57  5:08  Extractor, Roach  
  57  5:09  Overlord x2  
  58  5:18  Drone x2  
  60  5:25  Overlord  
  60  5:32  Zergling x4  
  62  5:52  Roach x4  
  70  6:07  Zergling x10  
  75  6:17  Queen  
  77  6:18  Drone  
  77  6:19  Drone x3  
  81  6:32  Zergling x6  
  84  6:40  Zergling x6  
  87  6:50  Centrifical Hooks  
  87  6:52  Glial Reconstitution  
  87  7:04  Evolution Chamber  
  87  7:07  Pneumatized Carapace  
  86  7:09  Evolution Chamber  
  86  7:11  Zergling x2, Roach x2  
  89  7:26  Overlord  
  89  7:27  Overlord x5  
  88  7:42  Zergling x2  
  88  7:43  Overlord x2  
  88  7:44  Overlord  
  89  8:08  Zergling x6  
  41  8:31  Zergling x2  
  34  8:39  Zergling x4  
  26  8:45  Overseer  
  26  8:47  Overseer  
  26  8:48  Zergling x4  
  19  8:51  Roach  
  18  8:56  Zergling x4  
  18  9:00  Zergling x2  
  17  9:04  Zergling x4  
  11  9:11  Zergling x2  
  9  9:28  Drone x5  
  13  9:36  Zergling x4  
  13  9:37  Zergling x2  
  16  9:43  Queen  
  18  9:46  Queen  
  18  9:50  Queen  
  22  9:55  Drone x4  
  26  10:00  Drone x2  
  27  10:19  Zergling x10  
  27  10:20  Zergling x2  
  33  10:26  Drone  
  34  10:44  Roach x4  
  34  10:45  Roach  
  44  10:52  Zergling x2  
  44  10:53  Zergling x4  
  2  11:26  Roach x2  
  5  11:40  Drone x3  
  8  11:47  Drone  
  8  11:48  Drone  
  5  12:39  Hatchery  
  3  13:04  Extractor  
Tags
 
Add a new tag
Caveats
  • Supply blocks, unpowered buildings, or Contaminate may cause inaccurate times.
  • Supply counts are checked every 10 seconds.